 Dungeon Crawl Stone Soup version 0.14-a0-2162-g062a2ce (webtiles) character file.

9141 M4edhros the Covert (level 11, -5/63 HPs)
             Began as an Octopode Hunter on Jan 28, 2014.
             Was a High Priest of Fedhas.
             Slain by a hill giant
             ... wielding a +0,+0 giant spiked club
              (47 damage)
             ... on Level 11 of the Dungeon.
             The game lasted 00:38:18 (12933 turns).

M4edhros the Covert (Octopode Hunter)              Turns: 12933, Time: 00:38:19

HP  -5/63        AC  1     Str 11      XL: 11   Next: 35%
MP  22/24        EV  9     Int 14      God: Fedhas [*****.]
Gold 408         SH 28     Dex 16      Spells:  0 memorised, 10 levels left

rFire  . . .     SeeInvis +     y - +6,+9 trident of Moawoamm {freeze, +Rage}
rCold  . . .     Clarity  .     l - +0 large shield
rNeg   . . .     Conserve .     O - +0 elf hat {MR+}
rPois  .         rCorr    .     J - amulet of the gourmand
rElec  .         rRot     .     C - ring of see invisible
SustAb . .       Spirit   .     (no ring)
rMut   .         Warding  .     (no ring)
Gourm  +         Stasis   .     (no ring)
MR     +....                    (no ring)
                                (no ring)
                                (no ring)
                                (no ring)

@: somewhat resistant to hostile enchantments, extremely stealthy
A: almost no armour, amphibious, 8 rings, constrict 8, camouflage 1, gelatinous
body 1
a: Evolution, Sunlight, Growth, Reproduction, Rain, Renounce Religion, Evoke
Berserk Rage


You were on level 11 of the Dungeon.
You worshipped Fedhas.
Fedhas was extremely pleased with you.
You were very hungry.

You visited 2 branches of the dungeon, and saw 12 of its levels.
You also visited: Ossuary.

You collected 614 gold pieces.
You spent 206 gold pieces at shops.

Inventory:

Hand weapons
 q - a +5,+1 flail of protection
 s - a +2,+3 sling
 t - the +9,+9 Staff of Wucad Mu
   (You found it on level 9 of the Dungeon)
 y - the +6,+9 trident of Moawoamm (weapon) {freeze, +Rage}
   (You found it on level 6 of the Dungeon)

   It has been specially enchanted to freeze those struck by it, causing extra
   injury to most foes and up to double damage against particularly susceptible
   opponents.
   It can also slow down cold-blooded creatures.
   It lets you go berserk.
Missiles
 a - 39 stones (quivered)
 b - 12 sling bullets of frost
 c - 103 sling bullets
Armour
 l - a +0 large shield (worn)
 O - a +0 elven hat of magic resistance (worn)
Magical devices
 f - a wand of digging (5)
 i - a wand of draining (7)
 v - a wand of cold (10) {unknown}
 F - a wand of invisibility (5)
 H - a wand of flame (14)
 I - a wand of slowing (3)
 M - a wand of magic darts (8)
Comestibles
 d - 7 cheeses
 j - 3 bread rations
 o - 3 chokos
 E - a meat ration
 G - a pear
 L - a rambutan
Scrolls
 e - 2 scrolls of teleportation
 A - 2 scrolls of fog
 B - a scroll of recharging
 D - 7 scrolls of identify
 N - a scroll of enchant armour
Jewellery
 r - a cursed ring of teleportation
 C - a ring of see invisible (left tentacle)
 J - an amulet of the gourmand (around mantle)
Potions
 h - 2 potions of berserk rage
 k - 2 potions of speed {unknown}
 m - 5 potions of resistance
 u - a potion of invisibility
 w - a potion of agility
 x - 2 potions of heal wounds
 z - a potion of poison {unknown}
 K - 2 potions of might
Books
 g - a book of Power

   Spells                             Type                      Level
   Iskenderun's Mystic Blast          Conjuration                  4
   Venom Bolt                         Conjuration/Poison           5
   Bolt of Magma                      Conjuration/Fire/Earth       5
   Fulminant Prism                    Conjuration/Hexes            5
   Iron Shot                          Conjuration/Earth            6
   Orb of Destruction                 Conjuration                  7
 Q - a book of Minor Magic

   Spells                             Type                      Level
   Magic Dart                         Conjuration                  1
   Blink                              Translocation                2
   Call Imp                           Summoning                    2
   Repel Missiles                     Charms/Air                   2
   Slow                               Hexes                        2
   Conjure Flame                      Conjuration/Fire             3
   Mephitic Cloud                     Conjuration/Poison/Air       3


   Skills:
 - Level 1.0 Fighting
 + Level 5.4 Polearms
 + Level 10.3 Slings
 - Level 2.0 Dodging
 + Level 11.1 Stealth
 + Level 6.1 Shields
 * Level 9.7 Invocations


You had 10 spell levels left.
You didn't know any spells.

Dungeon Overview and Level Annotations

Branches:
Dungeon (11/16)            Temple (1/1) D:5             Orc (0/4) D:10
   Lair (0/8) D:8

Altars:
Ashenzari
Cheibriados
Dithmengos
Elyvilon
Fedhas
Kikubaaqudgha
Makhleb
Nemelex Xobeh
Okawaru
Sif Muna
Trog
Vehumet
Xom
Yredelemnul
Zin
The Shining One

Shops:
D:7 *   D:8 =   D:9 /*


Innate Abilities, Weirdness & Mutations

You cannot wear most types of armour.
You are amphibious.
You can wear up to eight rings at the same time.
You can use your tentacles to constrict many enemies at once.
Your skin changes colour to match your surroundings (Stlth).
Your rubbery body absorbs attacks (AC +1).


Message History

Attack whom?
Press: ? - help, Dir - move target cursor, f/p - hill giant
Aim: a hill giant, wielding a giant spiked club You could not reach far enough!
The griffon skeleton bites your wandering mushroom!
Your wandering mushroom is destroyed!
You feel a little guilty.
Your wandering mushroom hits the orc!
The orc dies!
The orc warrior hits you from afar with an orcish glaive!
Unknown command.
Unknown command.
Unknown command.
Attack whom?
Press: ? - help, Dir - move target cursor, f/p - hill giant
Aim: a hill giant, wielding a giant spiked club You completely miss the hill giant.
The hill giant hits you with a giant spiked club!
Ouch! That really hurt!
You die...
Fedhas appreciates your contribution to the ecosystem.

.. ...######
...#.#...## #
..........#.##..
.................
.......of@........
.......)C.........
.......Z.........
.....[..........
......#........#
.....##.......#
.... #....... ..
....... . ......


You could see a hill giant, an orc warrior, a griffon skeleton and a friendly
wandering mushroom.

Vanquished Creatures
  An unseen horror (D:10)
  Maurice (D:9)
  Psyche (D:9)
  A troll (D:10)
  A two-headed ogre (D:8)
  A hippogriff (D:10)
  Eustachio (D:5)
  A deep elf mage (D:10)
  A hungry ghost (D:3)
  Edmund (D:6)
  A manticore (D:8)
  A swamp drake (D:10)
  A porcupine (D:8)
  A phantom (D:7)
  3 centaurs
  A yellow wasp (D:10)
  2 ice beasts
  2 slaves (D:8)
  A crocodile (D:8)
  2 ogres
  Sigmund (D:5)
  The ghost of M4edhros the Vandal, an average OpHu (D:3)
  2 giant frogs
  Blork the orc (D:9)
  3 gnoll sergeants (D:5)
  2 jellyfish (D:7)
  2 vampire bats (D:3)
  2 wights (D:7)
  9 killer bees
  2 electric eels (D:7)
  7 hounds
  A goliath beetle (D:10)
  3 crimson imps
  A big fish (D:7)
  An iron imp (D:10)
  3 jellies
  7 scorpions
  2 orc priests
  3 gnoll shamans (D:5)
  2 iguanas
  2 water moccasin skeletons (Ossuary)
  10 worker ants
  8 orc wizards
  An orange rat (D:7)
  3 big kobold skeletons (Ossuary)
  2 hound skeletons
  3 mummies
  10 adders
  25 gnolls
  A shadow imp (D:10)
  2 giant centipedes (D:10)
  3 green rats (D:7)
  An inept feature mimic (D:5)
  6 worms
  An inept item mimic (D:7)
  6 adder skeletons (Ossuary)
  4 grey rats (D:7)
  A giant gecko (D:3)
  44 orcs
  3 ball pythons
  7 bats
  7 bat skeletons (D:3)
  2 bat zombies (D:3)
  4 giant cockroaches
  13 goblins
  18 hobgoblins
  6 jackals
  14 kobolds
  5 giant newts
  4 gnoll skeletons (Ossuary)
  6 hobgoblin skeletons (Ossuary)
  A jackal skeleton (D:8)
  2 kobold skeletons (Ossuary)
  4 orc skeletons (Ossuary)
  An orc zombie (D:5)
  6 quokkas
  24 rats
  A rat skeleton (D:8)
341 creatures vanquished.

Vanquished Creatures (collateral kills)
  Pikel (D:8)
  2 orc warriors
  A deep elf mage (D:10)
  A yak (D:10)
  2 hungry ghosts
  4 killer bees
  2 yellow wasps
  4 ice beasts
  A phantom (D:6)
  An ogre (D:8)
  A giant frog (D:7)
  2 gnoll sergeants
  2 wights (D:7)
  2 goliath beetles (D:6)
  An electric eel (D:7)
  A hound (D:5)
  An orc priest (D:6)
  A scorpion (D:5)
  2 orc wizards
  A worker ant (D:8)
  An ogre skeleton (D:8)
  5 gnolls
  A white imp (D:10)
  8 orcs
  2 bats (D:7)
  A goblin (D:5)
  A hobgoblin (D:5)
  A jackal skeleton (D:7)
  2 rats
  3 butterflies (D:8)
58 creatures vanquished.

Vanquished Creatures (others)
  12 wandering mushrooms
  2 slaves (D:8)
  An orc priest (D:8)
  An orc wizard (D:10)
  A worker ant zombie (D:10)
  A scorpion zombie (D:6)
  3 orcs (D:8)
  2 butterflies (D:8)
  155 toadstools
178 creatures vanquished.

Grand Total: 577 creatures vanquished

Notes
Turn   | Place    | Note
--------------------------------------------------------------
     0 | D:1      | M4edhros, the Octopode Hunter, began the quest for the Orb.
     0 | D:1      | Reached XP level 1. HP: 13/13 MP: 1/1
   126 | D:1      | Reached XP level 2. HP: 18/18 MP: 2/2
   736 | D:2      | Reached XP level 3. HP: 19/23 MP: 3/3
   836 | D:2      | Reached skill level 5 in Slings
   842 | D:2      | Reached XP level 4. HP: 23/28 MP: 4/4
   994 | D:3      | Noticed a hungry ghost
  1167 | D:4      | Reached XP level 5. HP: 29/33 MP: 5/5
  1342 | D:4      | Reached skill level 6 in Slings
  1627 | D:4      | Reached XP level 6. HP: 38/38 MP: 6/6
  1634 | D:4      | Reached skill level 5 in Stealth
  2322 | D:5      | Entered Level 5 of the Dungeon
  2481 | D:5      | Noticed Sigmund
  2818 | D:5      | Noticed Eustachio
  2832 | D:5      | Killed Eustachio
  2832 | D:5      | Reached skill level 7 in Slings
  2832 | D:5      | Reached XP level 7. HP: 22/43 MP: 7/7
  2833 | D:5      | Found a staircase to the Ecumenical Temple.
  2922 | Temple   | Entered the Ecumenical Temple
  2975 | Temple   | Became a worshipper of Fedhas Madash
  3403 | D:6      | Found a sand-covered staircase.
  3449 | Ossuary  | Entered an ossuary
  3627 | Ossuary  | Acquired Fedhas' first power
  3712 | Ossuary  | Reached skill level 8 in Slings
  3726 | Ossuary  | Acquired Fedhas' second power
  3820 | Ossuary  | Reached skill level 1 in Invocations
  3829 | Ossuary  | Reached XP level 8. HP: 12/48 MP: 9/9
  4239 | D:6      | Noticed Edmund
  4263 | D:6      | Killed Edmund
  4613 | D:6      | Reached skill level 1 in Shields
  4640 | D:6      | HP: 1/48 [goliath beetle (15)]
  5066 | D:6      | Got a twisted trident
  5068 | D:6      | Identified the +6,+9 trident of Moawoamm {freeze, +Rage} (You found it on level 6 of the Dungeon)
  5295 | D:6      | Reached skill level 1 in Polearms
  5449 | D:7      | You fall through a shaft for 2 floors!
  5476 | D:9      | Found Pnauhy's Magical Wand Boutique.
  5476 | D:9      | Noticed Psyche
  5484 | D:9      | Killed Psyche
  5484 | D:9      | Reached skill level 9 in Slings
  5484 | D:9      | Reached XP level 9. HP: 26/53 MP: 8/16
  5489 | D:9      | Bought a wand of draining (9) for 182 gold pieces
  5562 | D:9      | Found a sparkling altar of Nemelex Xobeh.
  5953 | D:8      | Noticed Pikel
  5955 | D:8      | Reached skill level 5 in Invocations
  5960 | D:8      | Killed Pikel
  5994 | D:8      | Found a white marble altar of Elyvilon.
  6017 | D:8      | HP: 1/53 [ogre/giant club (19)]
  6333 | D:8      | Found a staircase to the Lair.
  6369 | D:8      | Found a glowing golden altar of the Shining One.
  6427 | D:8      | Found a glowing silver altar of Zin.
  6466 | D:8      | Found Phifu's Jewellery Shop.
  6816 | D:8      | Acquired Fedhas' third power
  7042 | D:8      | Reached XP level 10. HP: 19/58 MP: 20/20
  7350 | D:7      | Found Sotasap's Assorted Antiques.
  7355 | D:7      | Bought a scroll labeled NUAPLU BRIEL for 24 gold pieces
  8192 | D:7      | Acquired Fedhas' fourth power
  8662 | D:5      | Killed Sigmund
  8662 | D:5      | Reached skill level 10 in Slings
  9036 | D:5      | Reached skill level 10 in Stealth
  9409 | D:3      | Acquired Fedhas' fifth power
  9438 | D:3      | Noticed M4edhros' ghost (average OpHu)
  9443 | D:3      | Killed M4edhros' ghost
  9694 | D:3      | Killed a hungry ghost
  9729 | D:3      | Found an ancient bone altar of Kikubaaqudgha.
  9938 | D:3      | Found a deep blue altar of Sif Muna.
 10009 | D:2      | Found a radiant altar of Vehumet.
 10162 | D:2      | Noticed a moth of wrath
 10165 | D:2      | Found a bloodstained altar of Trog.
 10905 | D:8      | Reached skill level 5 in Shields
 10972 | D:9      | Found Fin Adghoyn's Assorted Antiques.
 10994 | D:9      | Noticed Maurice
 11005 | D:9      | Killed Maurice
 11274 | D:9      | Noticed Blork the orc
 11283 | D:9      | Killed Blork the orc
 11351 | D:10     | Entered Level 10 of the Dungeon
 11385 | D:10     | Reached XP level 11. HP: 58/63 MP: 22/24
 11528 | D:10     | Reached skill level 5 in Polearms
 11810 | D:10     | Paralysed by a yellow wasp for 2 turns
 11838 | D:10     | HP: 3/63 [poisoned by a yellow wasp]
 11844 | D:10     | HP: 3/63 [poisoned by a yellow wasp]
 11853 | D:10     | HP: 3/63 [poisoned by a yellow wasp]
 11859 | D:10     | HP: 3/63 [poisoned by a yellow wasp]
 11866 | D:10     | HP: 3/63 [poisoned by a yellow wasp]
 11872 | D:10     | HP: 3/63 [poisoned by a yellow wasp]
 12275 | D:10     | Noticed an unseen horror
 12286 | D:10     | Killed an unseen horror
 12510 | D:10     | Found a staircase to the Orcish Mines.
 12788 | D:10     | Reached skill level 11 in Stealth
 12924 | D:11     | Noticed a hill giant
 12933 | D:11     | Slain by a hill giant

Action                   |  1- 3 |  4- 6 |  7- 9 | 10-12 || total
-------------------------+-------+-------+-------+-------++-------
Melee: Short sword       |    48 |    31 |       |       ||    79
       Cutlass           |       |       |   122 |       ||   122
       Flail             |       |       |    13 |       ||    13
       Trident           |       |       |   105 |   355 ||   460
 Fire: Sling             |    12 |   133 |    75 |    34 ||   254
Invok: Evolution         |       |       |    11 |     2 ||    13
Evoke: Wand              |       |     1 |    10 |     3 ||    14
  Use: Potion            |     6 |     5 |     6 |     2 ||    19
       Scroll            |       |     2 |    11 |     9 ||    22
 Stab: Sleeping          |     6 |     3 |    12 |    54 ||    75
       Invisible         |     3 |       |     6 |       ||     9
       Distracted        |       |       |     2 |     1 ||     3
